 Dungeon Crawl Stone Soup version 0.29-a0-609-gb56f46d856 (webtiles) character file.

Game seed: 13970661115350550840

29 CrazyBamboolord the Digger (level 3, 26/26 HPs)
             Began as a Meteoran Earth Elementalist on June 14, 2022.
             Got out of the dungeon alive.
             The game lasted 00:05:06 (707 turns).

CrazyBamboolord the Digger (MeEE)                    Turns: 707, Time: 00:05:07

Health: 26/26      AC:  2    Str: 10    XL:     3   Next: 52%
Magic:  8/8        EV: 12    Int: 18    God:
Gold:   43         SH:  0    Dex: 14    Spells: 2/8 levels left

rFire   . . .      SeeInvis .   (no weapon)
rCold   . . .      Faith    .   (no shield)
rNeg    . . .      Spirit   .   a - +0 robe
rPois   .          Reflect  .   (no helmet)
rElec   .          Harm     .   (no cloak)
rCorr   .          Rampage  .   (no gloves)
Will    .....                   (no boots)
Stlth   +.........              (no amulet)
HPRegen 0.08/turn               (no ring)
MPRegen 0.11/turn               (no ring)

@: glowing
A: sense surroundings 1, otherworldly, glowing, explore regen
a: no special abilities


You escaped.
You visited 1 branch of the dungeon, and saw 2 of its levels.

You collected 43 gold pieces.

Inventory:

Armour
 a - a +0 robe (worn)
Scrolls
 d - a scroll of noise {unknown}
 e - a scroll of blinking {unknown}
 g - 2 scrolls of magic mapping {unknown}
 h - a scroll of enchant armour {unknown}
 j - a scroll of fog {unknown}
Potions
 b - a potion of magic
 c - a potion of lignification {unknown}
 f - a potion of ambrosia {unknown}
 i - a potion of attraction {unknown}


   Skills:
 * Level 2.5 Dodging
 + Level 1.4 Stealth
 * Level 3.3 Spellcasting
 * Level 0.4 Conjurations
 - Level 1.2 Transmutations
 * Level 4.4 Earth Magic


You had 2 spell levels left.
You knew the following spells:

 Your Spells              Type           Power      Damage    Failure   Level
a - Sandblast             Erth           38%        2d10      2%          1
b - Stone Arrow           Conj/Erth      22%        3d8       17%         3
c - Passwall              Tmut/Erth      10%        N/A       8%          2

Your spell library contained the following spells:

 Spells                   Type           Power      Damage    Failure   Level
 Gell's Gravitas          Tloc           3%         N/A       43%         3
 Lesser Beckoning         Tloc           3%         N/A       43%         3
 Teleport Other           Tloc           3%         N/A       43%         3
 Petrify                  Tmut/Erth      13%        N/A       43%         4


Dungeon Overview and Level Annotations

Branches:
Dungeon (2/15) Zot: 463

Altars:


Innate Abilities, Weirdness & Mutations

You passively map a small area around you.
You are easily found by Zot.
You glow in the dark.
You regain HP and MP as you explore.


Message History

You see here 11 gold pieces.
You now have 43 gold pieces (gained 11).
The kobold throws a stone.
The stone barely misses you.
Found a scroll labelled GAIMIUG RUOKEF.
Aiming: Sandblast (safe; 2% risk of failure)
Press: ? - help, Q - select action, (/) - cycle Shift-Dir - straight line, f - kobold
Aim: a kobold, wielding a +0 short sword and quivering stones (74% to hit)
The blast of sand hits the kobold!
You kill the kobold!
Unknown command.
You pick up a book of Displacement and begin reading...
You add the spells Lesser Beckoning, Gell's Gravitas and Teleport Other to your library.
Found a stone staircase leading up.
j - a scroll labelled GAIMIUG RUOKEF
Okay, then.
Saving game... please wait.
Welcome back, CrazyBamboolord the Meteoran Earth Elementalist.
Press ? for a list of commands and other information.
Saving game... please wait.
Welcome back, CrazyBamboolord the Meteoran Earth Elementalist.
Press ? for a list of commands and other information.
You open the door.
There is an open door here.
There is a stone staircase leading up here.
You climb upwards.
There is a stone staircase leading down here.
Found a pair of gloves.
You see here a +0 robe.
You see here a +0 ring mail.
There is an open door here.
Things that are here:
a +0 short sword; a kobold skeleton
There is an open door here.
There is an open door here.
There is an open door here.
There is a staircase leading out of the dungeon here.
You can't go down here!
Unknown command.
Are you sure you want to leave the Dungeon?
This will make you lose the game!
You have escaped!

.##....#..'........'.#
####.###
###....#.##........#.#
##.#...
#....#.#######...#.#
##..≈... ##'###.#####
#...#.# ##.#≈.≈..
#.........###...#.#
#.#..≈.≈.
#########.........#
#.#...≈.≈ #..⌠...⌠..#
#.#...≈≈. #...###...#
#.#...≈≈_ #...'@#...#
#.#..≈.≈≈ ##..###...#
##.#≈≈≈≈. #.⌠...⌠..#
##.#..≈. #........#
##.#.≈. ####.#.#.#
##.##. #.....# ##...
#####.# ###. #.# #.
#.# ##


There were no monsters in sight!

Vanquished Creatures
  An adder (D:2)
  2 dart slugs (D:1)
  2 ball pythons (D:1)
  An endoplasm (D:1)
  2 goblins (D:1)
  5 kobolds
  2 frilled lizards (D:1)
  3 rats (D:1)
18 creatures vanquished.

Notes
Turn   | Place    | Note
-------+----------+-------------------------------------------
     0 | D:1      | CrazyBamboolord the Meteoran Earth Elementalist began the
                  | quest for the Orb.
     0 | D:1      | Reached XP level 1. HP: 14/14 MP: 5/5
    76 | D:1      | Found a faded altar of an unknown god.
   156 | D:1      | Reached XP level 2. HP: 16/20 MP: 4/6
   196 | D:1      | Reached skill level 4 in Earth Magic
   336 | D:1      | Reached XP level 3. HP: 26/26 MP: 5/8
   475 | D:1      | Glimpsed the power of Zot.
   524 | D:1      | Glimpsed the power of Zot.
   574 | D:2      | Learned a level 3 spell: Stone Arrow
   577 | D:2      | Learned a level 2 spell: Passwall
   600 | D:2      | Upgraded the game from 0.29-a0-581-ge9a90b782e to
                  | 0.29-a0-609-gb56f46d856
   707 | D:$      | Got out of the dungeon alive.

Illustrated notes

Levels and vault maps discovered:
D:1:      scummos_arrival_simple_fountains, layout_basic,
          shapermc_ecumenical_altar_starsandcircs
D:2:      minmay_recursive_quarters, layout_basic

Skill      XL: |  1  2 |
---------------+-------+-----
Earth Magic    | 4 |  4.4
Spellcasting   | 3 |  3.3
Dodging        | |  2.5
Stealth        | |  1.4
Conjurations   | |  0.4
Transmutations | |  1.2

Action                   || total
-------------------------++-------
Melee: Unarmed           ||     2
 Cast: Sandblast         ||    25
Armor: Robe              ||     1
Dodge: Dodged            ||    10

Table legend: (Time is in decaauts)
 A = Elapsed time spent in this place.
 B = Non-inter-level travel time spent in this place.
 C = Inter-level travel time spent in this place.
 D = Time resting spent in this place.
 E = Time spent auto-exploring this place.
 F = Levels seen in this place.
 G = Mean time per level.
                   A        B        C        D        E       F      G
               +--------+--------+--------+--------+--------+-----+--------+
         Total |    736 |    488 |    248 |      0 |      0 |   2 |  368.0 |
       Dungeon |    736 |    488 |    248 |      0 |      0 |   2 |  368.0 |
               +--------+--------+--------+--------+--------+-----+--------+

Top non-repeatable levels by time:
     D:1: 693 daAuts
     D:2: 43 daAuts
